 Dungeon Crawl Stone Soup version 0.22.1-1-ga44c0e5 (webtiles) character file.

48750 Loudmushroom the Cleaver (level 14, -2/90 HPs)
             Began as a Gargoyle Fighter on Sept 27, 2018.
             Was a High Priest of Okawaru.
             Slain by a frost giant
             ... wielding a +2 battleaxe of freezing
              (12 damage)
             ... on level 12 of the Dungeon on Sept 28, 2018.
             The game lasted 02:07:16 (25455 turns).

Loudmushroom the Cleaver (Gargoyle Fighter)        Turns: 25455, Time: 02:07:17

Health: -2/90      AC: 37    Str: 23    XL:     14   Next: 47%
Magic:  0/20       EV: 10    Int: 13    God:    Okawaru [*****.]
Gold:   1172       SH: 14    Dex: 11    Spells: 13/13 levels left

rFire    . . .     SeeInvis .   a - +11 hand axe of Zom Ymun {chop, rElec Int+4}
rCold    . . .     Gourm    .   c - +0 shield
rNeg     + . .     Faith    .   q - +1 plate armour {rPois}
rPois    ∞         Spirit   +   s - +1 helmet
rElec    +         Reflect  .   O - scarf {Spirit}
rCorr    +         Harm     .   e - +1 pair of gloves
MR       +....                  w - +1 pair of boots
Stlth    ..........             Z - amulet of regeneration
HPRegen  0.65/turn              (no ring)
MPRegen  0.17/turn              g - ring of resist corrosion

@: heroism
A: big wings, negative energy resistance 1, electricity resistance, unbreathing,
petrification resistance, rot immunity, AC +10
a: Fly, Heroism, Finesse, Renounce Religion


You were on level 12 of the Dungeon.
You worshipped Okawaru.
Okawaru was extremely pleased with you.
You were not hungry.

You visited 3 branches of the dungeon, and saw 19 of its levels.
You also visited: Ossuary.

You collected 1172 gold pieces.

Inventory:

Hand Weapons
 a - the +11 hand axe of Zom Ymun (weapon) {chop, rElec Int+4}
   (You found it on level 8 of the Dungeon)

   It inflicts extra damage upon your enemies.
   It affects your intelligence (+4).
   It insulates you from electricity.
 b - a +0 hunting sling
 B - a +0 broad axe
 Q - a +0 hand crossbow
 R - a +2 war axe
 S - the +11 spear "Newtbane" {speed, rPois Str+6 Int+2}
   (You found it on level 8 of the Dungeon)

   Attacks with this weapon are significantly faster.
   It affects your strength (+6).
   It affects your intelligence (+2).
   It protects you from poison.
Missiles
 i - 225 bolts
 j - 505 stones
 m - 234 sling bullets
 N - 10 tomahawks
 X - 3 javelins (quivered)
Armour
 c - a +0 shield (worn)
 e - a +1 pair of gloves (worn)
 q - a +1 plate armour of poison resistance (worn)
 s - a +1 helmet (worn)
 w - a +1 pair of boots (worn)
 z - a +1 chain mail of fire resistance
 O - a scarf of spirit shield (worn)
Jewellery
 g - a ring of resist corrosion (right hand)
 o - a +3 ring of evasion
 M - a +2 ring of protection
 Z - an amulet of regeneration (around neck)
Wands
 v - a wand of paralysis (23)
 x - a wand of clouds (14)
 L - a wand of disintegration (21)
 P - a wand of iceblast (11)
 U - a wand of digging (12)
 V - a wand of acid (7)
 W - a wand of polymorph (47)
Scrolls
 h - 2 scrolls of magic mapping
 l - 12 scrolls of identify
 n - a scroll of blinking
 r - 9 scrolls of teleportation
 t - 13 scrolls of remove curse
 y - 4 scrolls of enchant weapon
 A - a scroll of enchant armour
 D - 4 scrolls of fog
 E - 3 scrolls of immolation
 T - 3 scrolls of fear
Potions
 d - 8 potions of might
 k - 6 potions of haste
 p - 3 potions of lignification
 u - 2 potions of resistance
 C - 4 potions of mutation
 F - a potion of magic {unknown}
 G - 9 potions of curing
 H - a potion of invisibility
 I - 2 potions of cancellation
 J - 7 potions of heal wounds
 K - 3 potions of agility
Miscellaneous
 Y - a sack of spiders
Comestibles
 f - 25 rations


   Skills:
 + Level 11.2(16.2) Fighting
 * Level 12.8(17.8) Axes
 + Level 11.3(16.3) Armour
 + Level 11.2(16.2) Shields
 + Level 8.1 Invocations
 + Level 8.4 Evocations


You had 13 spell levels left.
You didn't know any spells.
Your spell library contained the following spells:

 Spells                   Type           Power        Failure   Level  Hunger
 Confusing Touch          Hex            #.....       94%         1    ##.....
 Magic Dart               Conj           #...         94%         1    ##.....
 Summon Small Mammal      Summ           #...         94%         1    ##.....
 Call Imp                 Summ           #.......     98%         2    ###....
 Corpse Rot               Necr           N/A          98%         2    ###....
 Poisonous Vapours        Pois/Air       #.....       98%         2    ###....
 Searing Ray              Conj           #.....       98%         2    ###....
 Call Canine Familiar     Summ           #.......     100%        3    ####...
 Confuse                  Hex            #.......     100%        3    ####...
 Dazzling Spray           Conj/Hex       #.....       100%        3    ####...
 Gell's Gravitas          Tloc           #.........   100%        3    ####...
 Ignite Poison            Fire/Tmut/Pois #.......     100%        3    ####...
 Mephitic Cloud           Conj/Pois/Air  #.......     100%        3    ####...
 Stone Arrow              Conj/Erth      #.....       100%        3    ####...
 Summon Guardian Golem    Hex/Summ       #.......     100%        3    ####...
 Force Lance              Conj/Tloc      #.......     100%        4    #####..
 Fulminant Prism          Conj/Hex       #.........   100%        4    #####..
 Iskenderun's Mystic Bla  Conj           #.......     100%        4    #####..
 Leda's Liquefaction      Hex/Erth       #.........   100%        4    #####..
 Olgreb's Toxic Radiance  Pois           #.......     100%        4    #####..
 Petrify                  Tmut/Erth      #.......     100%        4    #####..
 Summon Ice Beast         Ice/Summ       #.......     100%        4    #####..
 Summon Lightning Spire   Summ/Air       #.......     100%        4    #####..
 Alistair's Intoxication  Tmut/Pois      #.......     100%        5    ######.
 Bolt of Magma            Conj/Fire/Erth #.........   100%        5    ######.
 Fireball                 Conj/Fire      #.........   100%        5    ######.
 Metabolic Englaciation   Hex/Ice        #.........   100%        5    ######.
 Summon Forest            Summ/Tloc      #.........   100%        5    ######.
 Yara's Violent Unravell  Hex/Tmut       #.........   100%        5    ######.
 Bolt of Fire             Conj/Fire      #.........   100%        6    #######
 Hydra Form               Tmut           #.........   100%        6    #######
 Iron Shot                Conj/Erth      #.........   100%        6    #######
 Ring of Flames           Chrm/Fire      #.........   100%        7    #######
 Summon Hydra             Summ           #.........   100%        7    #######
 Ignition                 Fire           #.........   100%        8    #######
 Shatter                  Erth           #.........   100%        9    #######
 Statue Form              Tmut/Erth      Unusable     N/A         6    N/A

Dungeon Overview and Level Annotations

Branches:
Dungeon (12/15)            Temple (1/1) D:5            Lair (6/6) D:10
 Shoals (0/4) Lair:2        Snake (0/4) Lair:4        Slime (0/5) Lair:5
    Orc (0/2) D:9

Altars:
Ashenzari
Cheibriados
Dithmenos
Elyvilon
Fedhas
Gozag
Hepliaklqana
Kikubaaqudgha
Makhleb
Nemelex Xobeh
Okawaru
Qazlal
Ru
Sif Muna
Trog
Uskayaw
Vehumet
Wu Jian
Xom
Yredelemnul
Zin
The Shining One
Jiyva

Shops:
D:12 :(((


Innate Abilities, Weirdness & Mutations

You are resistant to torment.
Your stone body is resilient. (AC +10)
You are immune to poison.
Your large and strong wings let you fly indefinitely.
You resist negative energy. (rN+)
You are resistant to electric shocks. (rElec)
You can survive without breathing.
You are immune to petrification.
You are immune to rotting.


Message History

You block the frost giant's attack.
You hit the frost giant but do no damage.
The frost giant is heavily wounded.
You slash the frost giant!
The frost giant is severely wounded.
The frost giant hits you but does no damage.
You hit the frost giant.
The frost giant is severely wounded.
You completely miss the frost giant.
The frost giant is severely wounded.
The frost giant points at you and mumbles some strange words.
The bolt of cold hits you!
You hit the frost giant.
The frost giant is severely wounded.
You hit the frost giant.
The frost giant is severely wounded.
The frost giant hits you with a battleaxe of freezing!!
* * * LOW HITPOINT WARNING * * *
The frost giant freezes you!
You die...

#...................##
#.......##..###.##..#
##.C.#.###..# #.###..
#######..##.# ##.###......
#...##..###.####..##......
###....####...##..#..###..
###..# #..........## #.. ###
##.###..##......####.#
#.#####...#@..........##....
##..#.....C.)#..............
###..####.................#
##.# #.#.∩.##.......#### #.#
#.......#.......### #.#
#.#####....##...... #.####.#
##.####.##..# ###....# ###
#####.# ###### ###


You could see a frost giant.

Vanquished Creatures
  A frost giant (D:12)
  A stone giant (D:9)
  Harold (Lair:1)
  2 hydras
  An anaconda (Lair:5)
  A centaur warrior (D:12)
  A two-headed ogre (D:10)
  A catoblepas (D:8)
  Erica (Lair:2)
  A queen ant (Lair:3)
  A deep troll earth mage (D:12)
  Nergalle (Lair:1)
  Sonja (Lair:4)
  An unseen horror (D:12)
  A phantasmal warrior (D:12)
  A necromancer (D:11)
  A deep elf mage (D:12)
  A cyclops (D:12)
  A manticore (D:12)
  An ugly thing (D:11)
  10 elephants
  4 black mambas
  A gargoyle (D:9)
  10 spiny frogs
  A rime drake (Lair:2)
  9 komodo dragons
  A tengu conjurer (D:12)
  A troll (D:12)
  A merfolk (shapeshifter) (D:12)
  A polar bear (Lair:4)
  A hornet (D:9)
  19 blink frogs
  A snapping turtle (Lair:2)
  7 hippogriffs
  A dream sheep (Lair:5)
  A shadow (D:12)
  29 yaks
  3 spriggans (Lair:4)
  A human (D:8)
  2 wyverns
  2 hogs (D:8)
  7 basilisks
  A hungry ghost (D:12)
  6 wargs
  3 vampire mosquitoes (D:12)
  2 nagas (Lair:4)
  3 soldier ants (Lair:3)
  4 porcupines
  11 water moccasins
  2 black bears
  4 orc warriors
  6 sky beasts
  An ice beast (D:9)
  A phantom (D:12)
  A necrophage (D:10)
  2 eyes of draining (D:12)
  7 wolves
  5 ogres
  13 crocodiles
  A centaur (D:12)
  2 big kobolds (D:8)
  14 bullfrogs
  A wyvern skeleton (D:11)
  2 scorpions (D:12)
  A wight (D:9)
  8 killer bees (D:10)
  12 crimson imps
  2 centaur zombies
  A jelly (D:12)
  A quasit (D:9)
  2 bullfrog zombies
  5 orc priests
  A wyvern simulacrum (D:12)
  6 hounds
  10 orc wizards
  A human zombie (Ossuary)
  2 gnoll shamans
  A bullfrog skeleton (D:12)
  4 centaur skeletons
  Natasha (twice) (D:2)
  4 iguanas
  21 worker ants
  5 polar bear simulacra (D:11)
  3 wolf simulacra (D:11)
  A yak simulacrum (D:11)
  A hound zombie (D:8)
  2 hound skeletons
  4 mummies (Ossuary)
  Robin (D:2)
  13 gnolls
  2 howler monkey skeletons
  12 adders
  2 shadow imps
  An adder zombie (D:9)
  A worm (D:4)
  2 dart slugs (D:3)
  9 leopard geckos
  44 orcs
  3 bats
  A giant cockroach (D:1)
  A gnoll zombie (Ossuary)
  19 goblins
  16 hobgoblins
  3 jackals (D:9)
  9 kobolds
  3 quokkas
  3 ball pythons
  2 frilled lizards
  2 goblin zombies (Ossuary)
  2 hobgoblin zombies (Ossuary)
  A kobold zombie (Ossuary)
  6 rats
  2 river rat simulacra (D:11)
  3 fungi
  5 plants
494 creatures vanquished.

Vanquished Creatures (others)
  A fire giant (D:12)
  17 fungi
  8 plants
26 creatures vanquished.

Grand Total: 520 creatures vanquished

Notes
Turn   | Place    | Note
-------+----------+-------------------------------------------
     0 | D:1      | Loudmushroom the Gargoyle Fighter began the quest for the
                  | Orb.
     0 | D:1      | Reached XP level 1. HP: 14/14 MP: 1/1
   114 | D:1      | Reached skill level 2 in Axes
   345 | D:1      | Reached XP level 2. HP: 19/19 MP: 2/2
   977 | D:2      | Reached XP level 3. HP: 15/23 MP: 3/3
  1515 | D:2      | Noticed Natasha
  1533 | D:2      | Killed Natasha
  1533 | D:2      | Reached XP level 4. HP: 15/29 MP: 4/4
  1769 | D:2      | Reached skill level 3 in Axes
  2084 | D:2      | Noticed Natasha
  2101 | D:2      | Killed Natasha
  2101 | D:2      | Reached XP level 5. HP: 15/33 MP: 5/5
  2494 | D:3      | Noticed Robin
  2520 | D:2      | Killed Robin
  3050 | D:3      | Reached XP level 6. HP: 34/39 MP: 6/6
  3107 | D:3      | Found a white marble altar of Elyvilon.
  3734 | D:4      | Reached skill level 4 in Axes
  4020 | D:4      | Found a sand-covered staircase.
  4025 | Ossuary  | Entered an ossuary
  4392 | Ossuary  | Reached XP level 7. HP: 44/44 MP: 7/7
  5284 | D:5      | Entered Level 5 of the Dungeon
  5433 | D:5      | Reached skill level 5 in Armour
  5440 | D:5      | Reached skill level 5 in Fighting
  5440 | D:5      | Reached skill level 5 in Shields
  5551 | D:5      | Reached skill level 5 in Axes
  5701 | D:5      | Found a staircase to the Ecumenical Temple.
  5753 | Temple   | Entered the Ecumenical Temple
  6079 | D:5      | Found a shadowy altar of Dithmenos.
  6098 | D:5      | Reached XP level 8. HP: 48/49 MP: 8/8
  6836 | D:6      | Found a deep blue altar of Sif Muna.
  6978 | D:6      | Found the cursed +13 scythe of Curses {drain, *Curse}
  7139 | D:6      | Reached skill level 1 in Evocations
  7232 | D:6      | Reached skill level 6 in Axes
  8439 | D:7      | Found a bloodstained altar of Trog.
  8442 | D:7      | Found a basalt altar of Yredelemnul.
  8443 | D:7      | Found a radiant altar of Vehumet.
  8443 | D:7      | Found a snail-covered altar of Cheibriados.
  8443 | D:7      | Found a sparkling altar of Nemelex Xobeh.
  8446 | D:7      | Found an ornate altar of the Wu Jian Council.
  8448 | D:7      | Found a hide-covered altar of Uskayaw.
  8585 | D:7      | Reached XP level 9. HP: 49/55 MP: 8/10
  8889 | D:8      | Found an opulent altar of Gozag.
  8896 | D:8      | Found a hazy altar of Hepliaklqana.
  8909 | D:8      | Found an iron altar of Okawaru.
  9006 | D:8      | Got a twisted hand axe
  9009 | D:8      | Got a warped spear
  9014 | D:8      | Became a worshipper of Warmaster Okawaru
  9334 | D:8      | Noticed a hornet
  9337 | D:8      | Reached skill level 7 in Axes
  9381 | D:9      | Killed a hornet
  9593 | D:8      | Reached * piety under Okawaru
  9664 | D:8      | Found a glowing golden altar of the Shining One.
  9823 | D:8      | Reached ** piety under Okawaru
  9955 | D:8      | Identified the +11 hand axe of Zom Ymun {chop, rElec Int+4}
                  | (You found it on level 8 of the Dungeon)
  9964 | D:8      | Identified the +11 spear "Newtbane" {speed, rPois Str+6
                  | Int+2} (You found it on level 8 of the Dungeon)
 10041 | D:9      | Found a stormy altar of Qazlal.
 10041 | D:9      | Found a stormy altar of Qazlal.
 10042 | D:9      | Noticed a gargoyle
 10054 | D:9      | Killed a gargoyle
 10054 | D:9      | Reached skill level 8 in Axes
 10054 | D:9      | Reached XP level 10. HP: 59/63 MP: 12/12
 10072 | D:9      | Noticed a catoblepas
 10074 | D:9      | Noticed a stone giant
 10119 | D:9      | Killed a stone giant
 10119 | D:9      | Reached *** piety under Okawaru
 10417 | D:8      | HP: 3/63 [catoblepas (4)]
 10420 | D:8      | Killed a catoblepas
 11023 | D:9      | Reached **** piety under Okawaru
 11087 | D:9      | Found a staircase to the Orcish Mines.
 11418 | D:9      | Reached skill level 9 in Axes
 11759 | D:10     | Entered Level 10 of the Dungeon
 11771 | D:10     | Reached skill level 1 in Invocations
 11962 | D:10     | Reached XP level 11. HP: 68/68 MP: 14/14
 12060 | D:10     | Reached skill level 5 in Evocations
 12196 | D:10     | Found a staircase to the Lair.
 12383 | D:10     | Noticed a two-headed ogre
 12407 | D:10     | Killed a two-headed ogre
 12557 | D:10     | Reached ***** piety under Okawaru
 12960 | Lair:1   | Entered Level 1 of the Lair of Beasts
 12968 | Lair:1   | Noticed Harold
 12989 | Lair:1   | Killed Harold
 13083 | Lair:1   | Received a gift from Okawaru
 13085 | Lair:1   | Reached skill level 10 in Axes
 13716 | Lair:1   | Reached XP level 12. HP: 73/76 MP: 14/16
 13734 | Lair:1   | Found a bloodstained altar of Trog.
 13864 | Lair:1   | Got an ichor-stained ring mail
 13875 | Lair:1   | Identified the +2 ring mail of the Pits of Slime {Int+4}
                  | (You found it on level 1 of the Lair of Beasts)
 13985 | Lair:1   | Noticed Nergalle
 14023 | Lair:1   | Killed Nergalle
 14724 | Lair:2   | Noticed Erica
 14739 | Lair:2   | Killed Erica
 15249 | Lair:2   | Found a staircase to the Shoals.
 15394 | Lair:2   | Noticed an eight-headed hydra
 15408 | Lair:2   | Killed an eight-headed hydra
 15408 | Lair:2   | Reached skill level 5 in Invocations
 16106 | Lair:3   | Noticed a five-headed hydra
 16132 | Lair:3   | Killed a five-headed hydra
 16132 | Lair:3   | Reached skill level 11 in Axes
 16457 | Lair:3   | Found a sparkling altar of Nemelex Xobeh.
 16634 | Lair:3   | Received a gift from Okawaru
 16783 | Lair:3   | Reached skill level 10 in Armour
 16803 | Lair:3   | Reached skill level 10 in Fighting
 16806 | Lair:3   | Noticed a queen ant
 16848 | Lair:3   | Killed a queen ant
 16872 | Lair:3   | Reached ****** piety under Okawaru
 16872 | Lair:3   | Received a gift from Okawaru
 16872 | Lair:3   | Reached skill level 10 in Shields
 16872 | Lair:3   | Reached XP level 13. HP: 68/82 MP: 14/18
 17429 | Lair:4   | Noticed Sonja
 17517 | Lair:4   | Killed Sonja
 17788 | Lair:4   | Found a staircase to the Snake Pit.
 19624 | Lair:5   | Received a gift from Okawaru
 19624 | Lair:5   | Reached skill level 12 in Axes
 19933 | Lair:5   | Identified the Handbook of Poisoning and Air
 20072 | Lair:5   | Found a staircase to the Slime Pits.
 20073 | Lair:5   | Found a viscous altar of Jiyva.
 20351 | Lair:6   | Entered Level 6 of the Lair of Beasts
 21375 | Lair:5   | Received a gift from Okawaru
 21421 | Lair:5   | Got an ichor-stained ring mail {god gift}
 21432 | Lair:5   | Identified the +4 ring mail of the Salamander {rPois
                  | Regen+} (Okawaru gifted it to you on level 5 of the Lair of
                  | Beasts)
 21986 | Lair:3   | Gained mutation: Your large and strong wings let you fly
                  | indefinitely. [Gargoyle growth]
 21986 | Lair:3   | Reached XP level 14. HP: 88/88 MP: 19/19
 22163 | D:11     | Found a shadowy altar of Dithmenos.
 23903 | D:12     | Found Kuocwun's Book Shoppe.
 24141 | D:12     | Found Cigilale's Antique Weapon Emporium.
 24532 | D:12     | Found Halepeef's Antique Weapon Shoppe.
 24553 | D:12     | Found Funo Meh's Weapon Emporium.
 24859 | D:12     | Noticed a fire giant
 24872 | D:12     | Killed a fire giant
 24999 | D:12     | Noticed a frost giant
 25013 | D:12     | Killed a frost giant
 25429 | D:12     | Noticed a frost giant
 25455 | D:12     | Slain by a frost giant

Skill      XL: |  1  2  3  4  5  6  7  8  9 10 11 12 13 14 |
---------------+-------------------------------------------+-----
Axes           | 2 3 4 5 6 8 9 10 11 12 | 12.8
Fighting       | 4 5 6 7 8 9 10 11 | 11.2
Armour         | 4 5 6 7 8 9 10 11 | 11.3
Shields        | 4 5 6 7 8 9 10 11 | 11.2
Evocations     | 2 3 4 6 7 8 |  8.4
Invocations    | 1 4 5 7 8 |  8.1

Action                   |  1- 3 |  4- 6 |  7- 9 | 10-12 | 13-15 || total
-------------------------+-------+-------+-------+-------+-------++-------
Melee: War axe           |   144 |   235 |   393 |       |       ||   772
       Hand axe          |       |       |    12 |   422 |   685 ||  1119
       Spear             |       |       |       |   152 |    56 ||   208
 Fire: Hunting sling     |       |       |     4 |       |       ||     4
Throw: Javelin           |       |       |       |       |     3 ||     3
Invok: Heroism           |       |       |       |     4 |     4 ||     8
  Use: Scroll            |       |       |    28 |     4 |     8 ||    40
  Eat: Chunk             |     2 |     9 |     9 |     9 |    27 ||    56
       Ration            |       |       |     3 |     4 |       ||     7
Armor: Chain mail        |   110 |   141 |   120 |       |       ||   371
       Scale mail        |     5 |       |       |       |       ||     5
       Plate armour      |       |       |   120 |   309 |   360 ||   789
Dodge: Dodged            |    56 |    44 |    79 |   101 |   166 ||   446
Block: Shield            |    87 |   142 |   227 |   291 |   401 ||  1148
